 Dungeon Crawl Stone Soup version 0.26.1-11-gd32895ea62 (webtiles) character file.

Game seed: 13993356926747896812

46 RipUnclePhilFR the Sneak (level 3, -2/26 HPs)
             Began as an Octopode Monk on July 20, 2021.
             Slain by a hobgoblin
             ... wielding a +0 club
              (7 damage)
             ... on level 2 of the Dungeon.
             The game lasted 00:01:45 (633 turns).

RipUnclePhilFR the Sneak (Octopode Monk)             Turns: 633, Time: 00:01:46

Health: -2/26      AC:  1    Str: 10    XL:     3   Next: 68%
Magic:  3/3        EV: 14    Int: 12    God:
Gold:   48         SH:  0    Dex: 15    Spells: 2/2 levels left

rFire    . . .     SeeInvis .   a - +0 short sword
rCold    . . .     Faith    .   (no shield)
rNeg     . . .     Spirit   .   (helmet restricted)
rPois    .         Reflect  .   (no amulet)
rElec    .         Harm     .   (no ring)
rCorr    .         Rampage  .   (no ring)
Will     .....                  (no ring)
Stlth    ++++......             (no ring)
HPRegen  0.08/turn              (no ring)
MPRegen  0.08/turn              (no ring)
                                (no ring)
                                (no ring)

@: no status effects
A: almost no armour, stealthy swim, amphibious, 8 rings, constrict 8, camouflage
1, gelatinous body 1
a: no special abilities


You were on level 2 of the Dungeon.
You visited 1 branch of the dungeon, and saw 2 of its levels.

You collected 48 gold pieces.

Inventory:

Hand Weapons
 a - a +0 short sword (weapon)
Missiles
 c - 52 stones (quivered)
Scrolls
 d - a scroll of random uselessness {unknown}
 f - 2 scrolls of identify {unknown}
 g - a scroll of blinking {unknown}
 i - a scroll of enchant armour {unknown}
 k - a scroll of teleportation {unknown}
Potions
 b - 2 potions of flight {unknown}
 e - a potion of heal wounds {unknown}
 h - a potion of curing {unknown}
 j - a potion of degeneration {unknown}


   Skills:
 + Level 3.3 Fighting
 + Level 3.3 Short Blades
 + Level 3.3 Dodging
 * Level 4.0 Stealth


You had 2 spell levels left.
You didn't know any spells.
Your spell library was empty.

Dungeon Overview and Level Annotations

Branches:
Dungeon (1/15)

Altars:


Innate Abilities, Weirdness & Mutations

You cannot wear most types of armour.
You are very stealthy in the water. (Stealth+)
You are amphibious.
You can wear up to eight rings at the same time.
You can use your tentacles to constrict eight enemies at once.
Your skin changes colour to match your surroundings (Stealth+).
Your rubbery body absorbs attacks. (AC +1, EV +1)


Message History

You hit the jackal. Your grab misses the jackal.
The jackal is almost dead.
The jackal bites you.
* * * LOW HITPOINT WARNING * * *
The jackal barely misses you.
You hit the jackal.
You kill the jackal!
You miss the jackal. Your grab misses the jackal. The jackal misses you.
You hit the jackal. Your grab misses the jackal.
The jackal is almost dead.
The jackal closely misses you.
You closely miss the jackal. Your grab misses the jackal.
Your squeeze misses the jackal.
The jackal is almost dead.
The jackal misses you. The jackal barely misses you.
You hit the jackal.
You kill the jackal!
You hit the hobgoblin but do no damage. You grab the hobgoblin.
You constrict the hobgoblin. The hobgoblin hits you with a +0 club!
You die...

..###.##...........# .....
#..###.####.#
##.######..###.## #.# .
#..........##...###.#
...###.>######..#.#......# ..
.h...........#..##.#.##..##
....
#####..####.#..)....).....
#...#####..####.#.########..##
#...<†......g@....# #..#
##...†.....####.### #..#
##.#####..# #.# #..# # ##.#
#.# #.†# ...# #.# #..# #..#
#.# #..# #..# #.. .... #..#
#.# ##..# .... .># #...


You could see a hobgoblin.

Vanquished Creatures
  An adder (D:2)
  3 dart slugs (D:1)
  2 leopard geckos (D:1)
  4 goblins (D:1)
  3 hobgoblins (D:1)
  4 jackals (D:2)
  5 kobolds
  4 frilled lizards (D:1)
  2 rats
28 creatures vanquished.

Notes
Turn   | Place    | Note
-------+----------+-------------------------------------------
     0 | D:1      | RipUnclePhilFR the Octopode Monk began the quest for the
                  | Orb.
     0 | D:1      | Reached XP level 1. HP: 16/16 MP: 1/1
    81 | D:1      | Reached skill level 3 in Stealth
   114 | D:1      | Reached XP level 2. HP: 21/21 MP: 2/2
   437 | D:1      | Reached XP level 3. HP: 26/26 MP: 3/3
   556 | D:1      | You fall into a shaft and drop 1 floor!
   614 | D:2      | Reached skill level 4 in Stealth
   633 | D:2      | Slain by a hobgoblin

Illustrated notes

Levels and vault maps discovered:
D:1:      dpeg_arrival_yet_another_circle, layout_basic
D:2:      layout_loops_ring, nicolae_ru_great_annihilating_truth

Skill      XL: |  1  2  3 |
---------------+----------+-----
Stealth        | 3 4 |  4.0
Fighting       | |  3.3
Short Blades   | |  3.3
Dodging        | |  3.3

Action                   || total
-------------------------++-------
Melee: Short sword       ||    58
       Constrict         ||    15
       Tentacles         ||     7
 Stab: Sleeping          ||     6
       Distracted        ||     1
Armor: Skin              ||     5
Dodge: Dodged            ||    44
